 Dungeon Crawl Stone Soup version 0.28.0-53-g5a82cb258f (webtiles) character file.

Game seed: 2117588120717456901

5 MalarOregon the Grasshopper (level 1, 0/17 HPs)
             Began as a Palentonga Warper on June 14, 2022.
             Slain by a kobold
             ... wielding a +0 dagger of venom
              (1 damage)
             ... on level 1 of the Dungeon.
             The game lasted 00:01:44 (486 turns).

MalarOregon the Grasshopper (Palentonga Warper)      Turns: 486, Time: 00:01:44

Health: 0/17       AC:  4    Str: 14    XL:     1   Next: 66%
Magic:  3/3        EV:  9    Int: 13    God:
Gold:   5          SH:  0    Dex:  9    Spells: 4/4 levels left

rFire   . . .      SeeInvis +   a - +0 mace
rCold   . . .      Faith    .   (no shield)
rNeg    . . .      Spirit   .   b - +0 leather armour
rPois   .          Reflect  .   (no helmet)
rElec   .          Harm     .   (no cloak)
rCorr   .          Rampage  .   (no gloves)
Will    .....                   (no barding)
Stlth   +.........              (no amulet)
HPRegen 0.05/turn               (no ring)
MPRegen 0.08/turn               (no ring)

@: lethally poisoned (0 -> -9)
A: large, rugged brown scales 3, see invisible, deformed body, roll 1, armoured
tail
a: Rolling Charge


You were on level 1 of the Dungeon.
You visited 1 branch of the dungeon, and saw 1 of its levels.

You collected 5 gold pieces.


Innate Abilities, Weirdness & Mutations

You are completely covered in rugged brown scales. (AC +3, +7% HP)
You have supernaturally acute eyesight. (SInv)
Armour fits poorly on your strangely shaped body.
You can roll at nearby foes to attack.
You have a long armoured tail.


   Skills:
 + Level 2.0 Fighting
 * Level 2.1 Maces & Flails
 - Level 0.6 Throwing
 + Level 0.9 Armour
 - Level 1.5 Dodging
 + Level 2.0 Spellcasting
 + Level 3.0 Translocations


You had 4 spell levels left.
You didn't know any spells.
Your spell library contained the following spells:

 Spells                   Type           Power      Damage    Failure   Level
 Blink                    Tloc           18%        N/A       13%         2
 Gell's Gravitas          Tloc           9%         N/A       26%         3
 Lesser Beckoning         Tloc           9%         N/A       26%         3
 Teleport Other           Tloc           9%         N/A       26%         3
 Manifold Assault         Tloc           9%         N/A       94%         5

Inventory:

Hand Weapons
 a - a +0 mace (weapon)
Missiles
 d - 2 boomerangs of dispersal (quivered) {!f}
Armour
 b - a +0 leather armour (worn)
Scrolls
 c - a scroll of blinking

Dungeon Overview and Level Annotations

Branches:
Dungeon (1/15)

Altars:

#.#............##.
#.#............##.
####.#...............
#................####
#................#
#....).##....
#......# ...
###....K.# #
#.....@..# #.....^..#
#........# #........#
#.........
#..$.......
#...........
######.......


You could see a kobold.


Message History

No target in view!
Found a leather armour.
A quokka comes into view.
A quokka is nearby!
The quokka bites you.
You barely miss the quokka. The quokka closely misses you.
You barely miss the quokka. The quokka bites you. The quokka barely misses you.
You barely miss the quokka. The quokka closely misses you.
The quokka bites you.
You barely miss the quokka. The quokka barely misses you.
You barely miss the quokka. The quokka barely misses you.
The quokka closely misses you.
You miss the quokka. The quokka closely misses you.
You hit the quokka.
Your tail-slap misses the quokka.
The quokka barely misses you. The quokka bites you.
You hit the quokka.
You kill the quokka!
No target in view!
You see here a quokka corpse.
A quokka comes into view.
You barely miss the quokka.
The quokka bites you but does no damage.
You hit the quokka but do no damage. The quokka bites you.
The quokka bites you but does no damage.
You barely miss the quokka. The quokka misses you.
The quokka barely misses you.
You hit the quokka.
Your tail-slap misses the quokka.
The quokka barely misses you.
You hit the quokka but do no damage. The quokka barely misses you.
The quokka bites you but does no damage.
You closely miss the quokka.
The quokka bites you but does no damage.
You hit the quokka but do no damage. The quokka barely misses you. x2
You hit the quokka but do no damage. The quokka completely misses you.
You closely miss the quokka.
Your tail-slap misses the quokka.
The quokka bites you. The quokka barely misses you.
You hit the quokka but do no damage.
Your tail-slap misses the quokka.
The quokka bites you.
You completely miss the quokka.
You tail-slap the quokka, but do no damage.
The quokka bites you. The quokka barely misses you.
You barely miss the quokka. The quokka bites you.
* * * LOW HITPOINT WARNING * * *
A quokka is nearby!
You miss the quokka.
Your tail-slap misses the quokka.
The quokka bites you but does no damage. x2
You closely miss the quokka.
Your tail-slap misses the quokka.
The quokka barely misses you.
You sock the quokka!
You kill the quokka!
You start resting.
You see here a quokka skeleton.
A goblin comes into view. It is wielding a +0 dagger.
The goblin shouts!
A goblin is nearby!
You closely miss the goblin. The goblin hits you but does no damage.
A kobold comes into view. It is wielding a +0 dagger of venom.
The kobold shouts!
You hit the goblin. The goblin hits you but does no damage.
You closely miss the goblin. You tail-slap the goblin.
You kill the goblin!
You see here a +0 dagger.
Found 10 gold pieces.
The kobold throws a stone.
The stone completely misses you. The kobold closely misses you.
You hit the kobold. The kobold closely misses you.
The kobold hits you with a +0 dagger of venom.
You are poisoned.
You feel sick.
The kobold throws a stone.
The stone barely misses you.
Throw: 5 boomerangs (disperse) {!f}
Press: ? - help, Q - select action, (/) - cycle Shift-Dir - straight line, f - kobold
Aim: a kobold, wielding a +0 dagger of venom and quivering stones (moderately wounded, 45% to hit)
You throw a boomerang of dispersal {!f}.
The boomerang of dispersal {!f} misses the kobold.
You feel sick.
Throw: 4 boomerangs (disperse) {!f}
Press: ? - help, Q - select action, (/) - cycle Shift-Dir - straight line, f/p - kobold
Aim: a kobold, wielding a +0 dagger of venom and quivering stones (45% to hit)
You throw a boomerang of dispersal {!f}.
The boomerang of dispersal {!f} barely misses the kobold.
You feel sick. The kobold barely misses you.
Throw: 3 boomerangs (disperse) {!f}
Press: ? - help, Q - select action, (/) - cycle Shift-Dir - straight line, f/p - kobold
Aim: a kobold, wielding a +0 dagger of venom and quivering stones (45% to hit)
You throw a boomerang of dispersal {!f}.
The boomerang of dispersal {!f} hits the kobold but does no damage.
You feel sick. The kobold hits you but does no damage.
You are lethally poisoned!
The kobold hits you with a +0 dagger of venom.
* * * LOW HITPOINT WARNING * * *
You are more poisoned.
You aren't carrying any potions.
Unknown command.
* * * LOW HITPOINT WARNING * * *
You feel very sick. The kobold misses you.
* * * LOW HITPOINT WARNING * * *
You feel very sick.
The kobold hits you with a +0 dagger of venom.
You die...

Action                   || total
-------------------------++-------
Melee: Mace              ||    30
       Tailslap          ||     2
Throw: Boomerang         ||     3
Armor: Leather armour    ||    11
Dodge: Dodged            ||    24

Levels and vault maps discovered:
D:1:      dpeg_arrival_simpleton_b, layout_basic

Notes
Turn   | Place    | Note
-------+----------+-------------------------------------------
     0 | D:1      | MalarOregon the Palentonga Warper began the quest for the
                  | Orb.
     0 | D:1      | Reached XP level 1. HP: 17/17 MP: 3/3
   485 | D:1      | HP: 4/17 [poisoned by a kobold]
   486 | D:1      | HP: 1/17 [poisoned by a kobold]
   486 | D:1      | Slain by a kobold

Vanquished Creatures
  A goblin (D:1)
  2 quokkas (D:1)
  A frilled lizard (D:1)
  A rat (D:1)
5 creatures vanquished.

Table legend:
 A = Non-vault XP
 B = Vault XP
 C = Vault XP percentage of total XP
 D = Non-vault monster count
 E = Vault monster count
 F = Vault count percentage of total count
                 A         B        C        D         E       F
            +---------+---------+-------+---------+---------+-------
      Total |       8 |       0 |   0.0 |       5 |       0 |   0.0
            +---------+---------+-------+---------+---------+-------
        D:1 |       8 |       0 |   0.0 |       5 |       0 |   0.0
            +---------+---------+-------+---------+---------+-------

Illustrated notes

Table legend:
 A = Kills in this place as a percentage of kills in entire the game.
 B = Kills by you in this place as a percentage of kills by you in the entire game.
 C = Kills by friends in this place as a percentage of kills by friends in the entire game.
 D = Other kills in this place as a percentage of other kills in the entire game.
 E = Experience gained in this place as a percentage of experience gained in the entire game.
 F = Experience gained in this place divided by the number of levels of this place that you have seen.
                   A       B       C       D       E      F
               +-------+-------+-------+-------+-------+----------------------
         Total | 100.0 | 100.0 |   N/A |   N/A | 100.0 |   8.0
       Dungeon | 100.0 | 100.0 |   N/A |   N/A | 100.0 |   8.0
               +-------+-------+-------+-------+-------+----------------------

Table legend: (Time is in decaauts)
 A = Elapsed time spent in this place.
 B = Non-inter-level travel time spent in this place.
 C = Inter-level travel time spent in this place.
 D = Time resting spent in this place.
 E = Time spent auto-exploring this place.
 F = Levels seen in this place.
 G = Mean time per level.
                   A        B        C        D        E       F      G
               +--------+--------+--------+--------+--------+-----+--------+
         Total |    495 |    495 |      0 |    209 |    217 |   1 |  495.0 |
       Dungeon |    495 |    495 |      0 |    209 |    217 |   1 |  495.0 |
               +--------+--------+--------+--------+--------+-----+--------+

Top non-repeatable levels by time:
     D:1: 495 daAuts
